General information
- name: BNet
- type: Ladder team game (AT/RT)
- host: Battle.net
- saver: FlameChallenger
map: TwilightRuins
- players: 8
- length: 15:50
- speed: Fast
- version: 1.26 W3XP
- replay type: Public
» download(128 KB)
Players
team 1 (loser)
4mat (
red | 42 APM | 672 actions | 15:49)
4 Priestess of the Moon
2 Searing Arrows
2 Trueshot Aura
» actions
| Assign group hotkey | 21 | |
| Basic commands | 70 | |
| Build / train | 53 | |
| Enter build submenu | 16 | |
| Enter hero's abilities submenu | 4 | |
| Give item / drop item | 2 | |
| Right click | 188 | |
| Select / deselect | 177 | |
| Select group hotkey | 109 | |
| Use ability | 32 | |
672 total
» units
| Wisp | 21 | |
| Archer | 10 | |
| Faerie Dragon | 4 | |
| Dryad | 5 | |
40 total
» upgrades
| Strength of the Wild | 1 | |
| Reinforced Hides | 2 | |
| Ultravision | 1 | |
| Abolish Magic | 1 | |
5 total
» buildings
| Altar of Elders | 1 | |
| Moon Well | 4 | |
| Ancient of War | 3 | |
| Ancient of Wonders | 1 | |
| Hunter's Hall | 1 | |
| Tree of Life | 1 | |
| Tree of Ages | 1 | |
| Ancient of Wind | 2 | |
| Ancient of Lore | 2 | |
16 total
» build order
00:06 Altar of Elders
00:13 Moon Well
01:24 Ancient of War
01:47 Ancient of War
01:57 Moon Well
02:15 Moon Well
02:33 Ancient of Wonders
02:52 Hunter's Hall
05:15 Tree of Life
06:21 Tree of Ages
06:27 Moon Well
08:27 Ancient of War
09:58 Ancient of Wind
10:00 Ancient of Wind
11:08 Ancient of Lore
11:12 Ancient of Lore
» items
| Claws of Attack +6 | 1 | |
| Boots of Speed | 1 | |
2 total
Momoiro_Omnio (
teal | 88 APM | 1365 actions | 15:35)
3 Keeper of the Grove
2 Entangling Roots
1 Thorns Aura
» actions
| Assign group hotkey | 6 | |
| Basic commands | 71 | |
| Build / train | 51 | |
| ESC pressed | 4 | |
| Enter build submenu | 15 | |
| Enter hero's abilities submenu | 3 | |
| Give item / drop item | 1 | |
| Right click | 899 | |
| Select / deselect | 232 | |
| Select group hotkey | 14 | |
| Use ability | 69 | |
1365 total
» units
| Wisp | 21 | |
| Archer | 11 | |
| Goblin Sapper | 1 | |
33 total
» upgrades
| Strength of the Moon | 3 | |
| Ultravision | 1 | |
| Moon Armor | 2 | |
| Improved Bows | 1 | |
| Nature's Blessing | 2 | |
| Marksmanship | 1 | |
10 total
» buildings
| Altar of Elders | 1 | |
| Ancient of War | 3 | |
| Moon Well | 5 | |
| Hunter's Hall | 1 | |
| Ancient of Wonders | 1 | |
| Tree of Ages | 1 | |
| Tree of Life | 2 | |
| Tree of Eternity | 1 | |
15 total
» build order
00:08 Altar of Elders
00:14 Ancient of War
00:28 Moon Well
01:56 Moon Well
02:52 Ancient of War
03:37 Hunter's Hall
03:50 Moon Well
04:20 Ancient of Wonders
04:55 Tree of Ages
06:25 Tree of Life
06:54 Moon Well
09:10 Ancient of War
10:22 Tree of Eternity
12:36 Moon Well
12:40 Tree of Life
» items

»
Dem0n666 (
blue | 12 APM | 139 actions | 11:30)
1 Lich
1 Frost Nova
» actions
| Build / train | 21 | |
| Enter build submenu | 11 | |
| Enter hero's abilities submenu | 1 | |
| Right click | 19 | |
| Select / deselect | 74 | |
| Use ability | 13 | |
139 total
» units
| Acolyte | 3 | |
| Ghoul | 4 | |
| Crypt Fiend | 2 | |
| Gargoyle | 4 | |
13 total
» upgrades
| Creature Attack | 1 | |
| Creature Carapace | 1 | |
| Web | 1 | |
3 total
» buildings
| Altar of Darkness | 1 | |
| Ziggurat | 6 | |
| Crypt | 2 | |
| Graveyard | 1 | |
| Nerubian Tower | 1 | |
| Halls of the Dead | 1 | |
| Spirit Tower | 1 | |
13 total
» build order
00:25 Altar of Darkness
00:50 Ziggurat
00:55 Crypt
01:18 Ziggurat
01:27 Ziggurat
02:03 Ziggurat
02:42 Graveyard
03:35 Nerubian Tower
04:05 Crypt
04:13 Ziggurat
04:20 Ziggurat
04:30 Halls of the Dead
05:55 Spirit Tower

»
legbreakingtime (
purple | 25 APM | 392 actions | 15:44)
4 Priestess of the Moon
2 Trueshot Aura
1 Scout
1 Searing Arrows
» actions
| Build / train | 34 | |
| Enter build submenu | 15 | |
| Enter hero's abilities submenu | 4 | |
| Right click | 159 | |
| Select / deselect | 159 | |
| Use ability | 21 | |
392 total
» units
| Wisp | 11 | |
| Archer | 4 | |
| Mountain Giant | 7 | |
22 total
» upgrades
| Hardened Skin | 1 | |
| Resistant Skin | 1 | |
| Strength of the Wild | 2 | |
| Reinforced Hides | 1 | |
5 total
» buildings
| Altar of Elders | 1 | |
| Moon Well | 7 | |
| Ancient of War | 1 | |
| Tree of Ages | 1 | |
| Ancient of Wonders | 1 | |
| Hunter's Hall | 1 | |
| Tree of Eternity | 1 | |
| Ancient of Lore | 2 | |
15 total
» build order
00:17 Altar of Elders
00:20 Moon Well
01:12 Moon Well
01:26 Ancient of War
02:44 Tree of Ages
04:23 Ancient of Wonders
04:31 Hunter's Hall
05:21 Tree of Eternity
05:45 Ancient of Lore
05:52 Ancient of Lore
07:01 Moon Well
07:05 Moon Well
07:13 Moon Well
08:23 Moon Well
09:31 Moon Well
team 2 (winner)
Redcrab (
pink | 166 APM | 2633 actions | 15:49)
5 Archmage
3 Summon Water Elemental
2 Brilliance Aura
2 Mountain King
1 Storm Bolt
1 Bash
2 Paladin
1 Holy Light
1 Divine Shield
» actions
| Assign group hotkey | 189 | |
| Basic commands | 278 | |
| Build / train | 162 | |
| Enter build submenu | 25 | |
| Enter hero's abilities submenu | 9 | |
| Give item / drop item | 2 | |
| Remove unit from queue | 3 | |
| Right click | 903 | |
| Select / deselect | 360 | |
| Select group hotkey | 564 | |
| Use ability | 138 | |
2633 total
» units
| Peasant | 14 | |
| Footman | 11 | |
| Goblin Shredder | 5 | |
| Goblin Zeppelin | 3 | |
| Gryphon Rider | 6 | |
| Makrura Deepseer | 4 | |
43 total
» upgrades
| Defend | 1 | |
| Masonry | 2 | |
| Armor | 3 | |
| Animal War Training | 1 | |
| Storm Hammers | 1 | |
| Gunpowder | 2 | |
10 total
» buildings
| Altar of Kings | 1 | |
| Farm | 11 | |
| Barracks | 1 | |
| Scout Tower | 6 | |
| Arcane Tower | 8 | |
| Lumber Mill | 1 | |
| Arcane Vault | 1 | |
| Town Hall | 1 | |
| Guard Tower | 17 | |
| Keep | 6 | |
| Blacksmith | 1 | |
| Castle | 3 | |
| Gryphon Aviary | 4 | |
61 total
» build order
00:05 Altar of Kings
00:18 Farm
00:20 Barracks
00:52 Farm
01:26 Scout Tower
01:55 Arcane Tower
01:55 Arcane Tower
01:55 Arcane Tower
02:04 Farm
02:30 Farm
03:21 Farm
03:25 Farm
03:48 Lumber Mill
04:19 Arcane Vault
05:18 Scout Tower
05:37 Town Hall
05:38 Arcane Tower
05:39 Arcane Tower
05:39 Arcane Tower
05:54 Farm
06:15 Scout Tower
06:51 Guard Tower
06:54 Scout Tower
06:55 Scout Tower
06:56 Scout Tower
07:10 Farm
07:12 Farm
07:15 Keep
07:15 Keep
07:15 Keep
07:59 Guard Tower
07:59 Guard Tower
08:00 Guard Tower
08:53 Farm
08:55 Blacksmith
09:37 Castle
09:37 Castle
10:06 Gryphon Aviary
10:07 Gryphon Aviary
10:09 Gryphon Aviary
11:27 Gryphon Aviary
11:30 Guard Tower
11:30 Guard Tower
11:30 Guard Tower
11:37 Guard Tower
11:38 Guard Tower
11:38 Guard Tower
11:38 Guard Tower
11:39 Farm
» items
| Scroll of Healing | 2 | |
| Scroll of Regeneration | 2 | |
| Potion of Healing | 1 | |
| Scroll of Town Portal | 2 | |
| Ivory Tower | 8 | |
| Staff of Sanctuary | 2 | |
17 total

»
C14 (
green | 77 APM | 1214 actions | 15:49)
4 Lich
2 Frost Nova
2 Dark Ritual
1 Crypt Lord
1 Impale
» actions
| Assign group hotkey | 31 | |
| Basic commands | 67 | |
| Build / train | 59 | |
| Enter build submenu | 22 | |
| Enter hero's abilities submenu | 5 | |
| Give item / drop item | 1 | |
| Remove unit from queue | 2 | |
| Right click | 326 | |
| Select / deselect | 260 | |
| Select group hotkey | 382 | |
| Use ability | 59 | |
1214 total
» units
| Acolyte | 7 | |
| Ghoul | 2 | |
| Crypt Fiend | 8 | |
| Goblin Shredder | 1 | |
| Goblin Zeppelin | 1 | |
| Goblin Sapper | 1 | |
| Frost Wyrm | 4 | |
24 total
» upgrades
| Creature Attack | 3 | |
| Creature Carapace | 2 | |
| Web | 1 | |
| Burrow | 1 | |
7 total
» buildings
| Ziggurat | 7 | |
| Crypt | 1 | |
| Altar of Darkness | 1 | |
| Graveyard | 1 | |
| Nerubian Tower | 1 | |
| Tomb of Relics | 2 | |
| Halls of the Dead | 1 | |
| Necropolis | 1 | |
| Black Citadel | 1 | |
| Sacrificial Pit | 1 | |
| Boneyard | 3 | |
20 total
» build order
00:12 Ziggurat
00:15 Crypt
00:38 Altar of Darkness
01:08 Graveyard
01:25 Nerubian Tower
01:59 Ziggurat
02:06 Tomb of Relics
04:35 Ziggurat
06:20 Halls of the Dead
06:52 Necropolis
07:59 Ziggurat
08:00 Ziggurat
08:02 Ziggurat
08:21 Ziggurat
08:23 Tomb of Relics
08:41 Black Citadel
10:15 Sacrificial Pit
11:23 Boneyard
11:25 Boneyard
12:04 Boneyard
» items
| Rod of Necromancy | 3 | |
| Sacrificial Skull | 2 | |
| Boots of Speed | 2 | |
| Circlet of Nobility | 3 | |
| Scroll of Town Portal | 2 | |
| Orb of Corruption | 1 | |
| Potion of Healing | 1 | |
| Periapt of Vitality | 1 | |
| Scroll of Healing | 1 | |
16 total
FlameChallenger (
yellow | 51 APM | 801 actions | 15:50)
5 Blood Mage
3 Flame Strike
2 Siphon Mana
» actions
| Assign group hotkey | 19 | |
| Basic commands | 12 | |
| Build / train | 63 | |
| Enter build submenu | 42 | |
| Enter hero's abilities submenu | 5 | |
| Give item / drop item | 2 | |
| Remove unit from queue | 1 | |
| Right click | 305 | |
| Select / deselect | 204 | |
| Select group hotkey | 44 | |
| Use ability | 104 | |
801 total
» units
| Peasant | 12 | |
| Footman | 4 | |
| Goblin Shredder | 1 | |
| Sorceress | 2 | |
| Goblin Sapper | 3 | |
22 total
» upgrades
| Masonry | 2 | |
| Sorceress Training | 1 | |
| Magic Sentry | 1 | |
4 total
» buildings
| Altar of Kings | 1 | |
| Barracks | 1 | |
| Farm | 10 | |
| Scout Tower | 34 | |
| Arcane Tower | 4 | |
| Arcane Vault | 1 | |
| Keep | 1 | |
| Lumber Mill | 1 | |
| Guard Tower | 7 | |
| Town Hall | 1 | |
| Arcane Sanctum | 1 | |
| Castle | 1 | |
63 total
» build order
00:56 Altar of Kings
00:57 Barracks
01:00 Farm
01:05 Farm
01:10 Farm
01:32 Scout Tower
01:55 Farm
02:17 Arcane Tower
02:17 Arcane Tower
02:18 Arcane Tower
03:10 Arcane Vault
03:41 Keep
03:57 Lumber Mill
04:38 Scout Tower
04:40 Scout Tower
04:44 Scout Tower
05:19 Guard Tower
05:24 Town Hall
05:27 Scout Tower
05:27 Scout Tower
05:27 Scout Tower
05:28 Scout Tower
06:13 Farm
06:18 Farm
06:22 Arcane Sanctum
07:05 Guard Tower
07:12 Scout Tower
07:13 Scout Tower
07:16 Scout Tower
07:18 Scout Tower
07:21 Scout Tower
08:19 Guard Tower
08:23 Scout Tower
08:23 Scout Tower
08:23 Scout Tower
08:24 Scout Tower
08:24 Scout Tower
08:25 Scout Tower
08:26 Scout Tower
08:26 Scout Tower
08:30 Guard Tower
09:17 Farm
09:26 Farm
13:01 Guard Tower
13:04 Castle
13:08 Scout Tower
13:09 Scout Tower
13:11 Scout Tower
13:11 Scout Tower
13:13 Scout Tower
13:13 Scout Tower
13:14 Scout Tower
13:14 Scout Tower
13:16 Scout Tower
13:16 Scout Tower
13:16 Scout Tower
13:18 Scout Tower
13:18 Scout Tower
13:48 Guard Tower
14:53 Guard Tower
15:14 Farm
15:19 Farm
» items
| Scroll of Regeneration | 3 | |
| Boots of Speed | 1 | |
| Staff of Teleportation | 1 | |
| Potion of Invisibility | 3 | |
| Potion of Lesser Invulnerability | 1 | |
| Potion of Healing | 2 | |
| Potion of Mana | 2 | |
| Lesser Clarity Potion | 2 | |
| Periapt of Vitality | 1 | |
| Scroll of Town Portal | 1 | |
17 total
GLITTER_XOX (
orange | 72 APM | 1132 actions | 15:49)
4 Mountain King
2 Storm Bolt
2 Bash
1 Paladin
1 Holy Light
» actions
| Assign group hotkey | 73 | |
| Basic commands | 84 | |
| Build / train | 62 | |
| Enter build submenu | 37 | |
| Enter hero's abilities submenu | 5 | |
| Right click | 360 | |
| Select / deselect | 197 | |
| Select group hotkey | 254 | |
| Use ability | 60 | |
1132 total
» units
| Peasant | 14 | |
| Rifleman | 12 | |
| Goblin Shredder | 1 | |
27 total
» upgrades
| Gunpowder | 3 | |
| Masonry | 2 | |
| Long Rifles | 1 | |
| Armor | 2 | |
| Priest Training | 1 | |
| Sorceress Training | 1 | |
| Magic Sentry | 1 | |
11 total
» buildings
| Altar of Kings | 1 | |
| Farm | 12 | |
| Blacksmith | 1 | |
| Barracks | 2 | |
| Arcane Vault | 1 | |
| Town Hall | 1 | |
| Lumber Mill | 1 | |
| Keep | 1 | |
| Scout Tower | 11 | |
| Castle | 1 | |
| Guard Tower | 10 | |
| Arcane Sanctum | 2 | |
44 total
» build order
00:09 Altar of Kings
00:12 Farm
00:40 Farm
01:23 Blacksmith
01:50 Farm
02:04 Barracks
02:33 Farm
02:36 Barracks
02:51 Arcane Vault
03:18 Farm
04:02 Farm
05:11 Town Hall
05:19 Farm
06:04 Lumber Mill
06:35 Keep
08:59 Scout Tower
09:11 Castle
09:27 Scout Tower
09:28 Guard Tower
09:39 Farm
09:58 Scout Tower
10:01 Guard Tower
10:26 Farm
10:35 Arcane Sanctum
10:39 Arcane Sanctum
10:46 Guard Tower
10:48 Scout Tower
12:34 Scout Tower
12:40 Farm
13:14 Scout Tower
13:15 Guard Tower
13:19 Scout Tower
13:21 Guard Tower
13:29 Farm
13:46 Scout Tower
13:48 Guard Tower
13:57 Scout Tower
13:59 Guard Tower
14:17 Scout Tower
14:18 Guard Tower
14:21 Farm
14:29 Scout Tower
14:30 Guard Tower
15:49 Guard Tower
» items
| Lesser Clarity Potion | 1 | |
| Orb of Fire | 1 | |
| Scroll of Town Portal | 2 | |
| Scroll of Regeneration | 1 | |
5 total
Chat log
(00:16 / Allies) GLITTER_XOX: UNIT?
(00:33 / Allies) C14: firnfd
(00:34 / All) FlameChallenger: This albatross is mocking me for I lack bows, but I shall soon invent
(00:35 / Allies) C14: fiends
(00:36 / Allies) C14: frosties
(00:52 / All) FlameChallenger: gun powdered weapons and shoot him from his lofty perch
(01:11 / Allies) GLITTER_XOX: YELLOW U GOIN TO PLAY?
(01:16 / Allies) FlameChallenger: Had to chat first
(08:53 / Allies) FlameChallenger: holy shit 3 nes
(09:55 / Allies) FlameChallenger: lol this guys is retarded
(10:02 / Allies) GLITTER_XOX: YA HE BAD
(10:08 / Allies) GLITTER_XOX: WE SHUD HIT DAT
(10:11 / Allies) GLITTER_XOX: HE CHIM PROLLY
(11:07 / Allies) GLITTER_XOX: OMW
(11:25 / All) FlameChallenger: loool
(11:35 / All) Momoiro_Omnio: we lose
(11:37 / All) FlameChallenger: Flashbang omnix
(11:50 / Allies) GLITTER_XOX: NJ YELLOW LOLZ
(12:47 / All) FlameChallenger: aww
(12:52 / All) FlameChallenger: ya moved!
(14:07 / All) FlameChallenger: Why do you burn out humble farmers, Night Elf scum?
(14:34 / Allies) GLITTER_XOX: YELLOW
(14:36 / Allies) GLITTER_XOX: CAN I HAVE GOLD?
(15:33 / All) Momoiro_Omnio: had dumb team
(15:38 / All) FlameChallenger: lawl
(15:44 / All) FlameChallenger: Flashbang Omnix blaming his team